 Dungeon Crawl Stone Soup version 0.24-a0-521-g122614b (webtiles) character file.

Game seed: 8847505726858693375

23410 Spazmo the Eclecticist (level 12, -2/66 HPs)
             Began as a Deep Elf Fire Elementalist on July 29, 2019.
             Was a High Priest of Vehumet.
             Slain by a swamp worm (14 damage)
             ... in a Gauntlet.
             The game lasted 00:43:56 (13108 turns).

Spazmo the Eclecticist (DEFE)                      Turns: 13108, Time: 00:43:57

Health: -2/66      AC:  8    Str:  5    XL:     12   Next: 71%
Magic:  43/43      EV: 16    Int: 26    God:    Vehumet [*****.]
Gold:   645        SH:  0    Dex: 15    Spells: 22/43 levels left

rFire    . . .     SeeInvis .   y - staff of conjuration
rCold    . . .     Gourm    .   (no shield)
rNeg     + . .     Faith    +   a - +1 robe
rPois    .         Spirit   .   q - +2 hat
rElec    .         Reflect  .   B - +0 cloak (curse)
rCorr    .         Harm     .   A - +1 pair of gloves {archery}
MR       +....     NoTele   +   (no boots)
Stlth    ++........             f - amulet of faith
HPRegen  0.21/turn              l - ring of magical power
MPRegen  0.28/turn              b - ring "Geho" {Wiz rN+}

@: no status effects
A: no striking features
a: Renounce Religion


You were in a Gauntlet.
You worshipped Vehumet.
Vehumet was extremely pleased with you.
You were not hungry.

You visited 3 branches of the dungeon, and saw 14 of its levels.
You also visited: Gauntlet.

You collected 645 gold pieces.

Inventory:

Hand Weapons
 x - a +3 dagger of electrocution
Missiles
 j - 369 stones (quivered)
Armour
 a - a +1 robe (worn)
 q - a +2 hat (worn)
 A - a +1 pair of gloves of archery (worn)
 B - a cursed +0 cloak (worn)
Magical Staves
 y - an uncursed staff of conjuration (weapon)
Jewellery
 b - the ring "Geho" (right hand) {Wiz rN+}
   (You found it on level 4 of the Dungeon)

   [ring of wizardry]

   It improves your spell success rate.
   It protects you from negative energy.
 f - an amulet of faith (around neck)
 g - an uncursed ring of ice
 l - a ring of magical power (left hand)
Wands
 h - a wand of paralysis (36)
 s - a wand of enslavement (10)
 t - a wand of flame (35)
 z - a wand of acid (11)
Scrolls
 d - 4 scrolls of remove curse
 n - a scroll of amnesia {unknown}
 o - 7 scrolls of teleportation
 r - 3 scrolls of identify
 v - 2 scrolls of enchant armour
 C - a scroll of fear
Potions
 e - a potion of agility
 i - 2 potions of curing
 k - 2 potions of flight
 m - 2 potions of cancellation
 p - 3 potions of heal wounds
 u - 2 potions of haste
 w - a potion of brilliance
 E - a potion of ambrosia
 F - a potion of mutation
 H - a potion of might
Miscellaneous
 D - a crystal ball of energy
Comestibles
 c - 20 rations


   Skills:
 + Level 4.3 Fighting
 + Level 6.9 Dodging
 - Level 2.4 Stealth
 - Level 16.0 Spellcasting
 - Level 10.0 Conjurations
 - Level 10.4 Fire Magic
 - Level 10.0 Earth Magic


You had 22 spell levels left.
You knew the following spells:

 Your Spells              Type           Power        Failure   Level  Hunger
a - Flame Tongue          Conj/Fire      #####        1%          1    None
b - Throw Flame           Conj/Fire      ######       1%          2    None
c - Conjure Flame         Conj/Fire      #######.     1%          3    None
d - Sticky Flame          Conj/Fire      #######.     1%          4    None
e - Fireball              Conj/Fire      #######...   1%          5    None
f - Sandblast             Erth           ######       1%          1    None
g - Bolt of Magma         Conj/Fire/Erth #######...   1%          5    None

Your spell library contained the following spells:

 Spells                   Type           Power        Failure   Level  Hunger
 Lee's Rapid Deconstruct  Erth           ######....   1%          5    None
 Corona                   Hex            ###....      1%          1    None
 Magic Dart               Conj           ####         1%          1    None
 Blink                    Tloc           N/A          1%          2    None
 Call Imp                 Summ           ###.....     1%          2    None
 Searing Ray              Conj           ######       1%          2    None
 Shroud of Golubria       Chrm/Tloc      ###...       1%          2    None
 Slow                     Hex            ###.....     1%          2    None
 Dazzling Spray           Conj/Hex       ######       1%          3    None
 Inner Flame              Hex/Fire       #####...     1%          3    None
 Mephitic Cloud           Conj/Pois/Air  ######..     1%          3    None
 Force Lance              Conj/Tloc      ######..     1%          4    None
 Fulminant Prism          Conj/Hex       ######....   1%          4    None
 Iskenderun's Mystic Bla  Conj           #######.     1%          4    None
 Leda's Liquefaction      Hex/Erth       #####.....   1%          4    None
 Gell's Gravitas          Tloc           ###.......   3%          3    None
 Lesser Beckoning         Tloc           ###.......   3%          3    None
 Portal Projectile        Hex/Tloc       ###...       3%          3    None
 Teleport Other           Tloc           ###.....     3%          3    None
 Cause Fear               Hex            ###.......   10%         4    None
 Passage of Golubria      Tloc           N/A          10%         4    None


Dungeon Overview and Level Annotations

Branches:
Dungeon (10/15)            Temple (1/1) D:6            Lair (3/6) D:10
 Spider (0/4) Lair:2          Orc (0/2) D:10
  Swamp: Lair:2-4    Shoals: Lair:2-4

Altars:
Ashenzari
Cheibriados
Elyvilon
Fedhas
Gozag
Makhleb
Nemelex Xobeh
Okawaru
Qazlal
Ru
Sif Muna
Trog
Uskayaw
Vehumet
Wu Jian
Xom
Yredelemnul
Zin
The Shining One

Shops:
D:5 :

Annotations:
Gauntlet 11 transporters


Message History

You are yanked forward by the harpoon shot.
The swamp worm misses you.
The swamp worm throws harpoon shot at you.
The harpoon shot misses you.
The swamp worm throws harpoon shot at you.
The harpoon shot misses you.
The swamp worm throws harpoon shot at you.
The harpoon shot hits you!
You are yanked forward by the harpoon shot.
The swamp worm bites you but does no damage.
The swamp worm throws harpoon shot at you.
The harpoon shot hits you!
* * * LOW HITPOINT WARNING * * *
You are yanked forward by the harpoon shot.
You feel much better.
The swamp worm bites you but does no damage.
The swamp worm bites you. x2; The swamp worm bites you!
* * * LOW HITPOINT WARNING * * *
The swamp worm bites you!
You die...

### ### ### ### ### # #8#
#8# #8# #8# #8# #
#######################
###§............≈∩≈§.....
#8#.......©.............©
###..###########...######
#..#..@w.....#...#s....
###..#^#ww...#.#.∩.#.....
#8#..#.##...##.#...#.####
###..#.^##.##..#...##.#.#
#..#....©....#...#....©
###..#.^#####^.#...#.#.#.
#8#..#.##...##.#...#.####
###..#.#.....#.#...#.....
#..#..?.©.|..#...#....©


You could see 3 swamp worms.

Vanquished Creatures
  Gastronok (D:10)
  Erolcha (D:10)
  3 death yaks (D:10)
  Pikel (D:7)
  2 ugly things (D:10)
  2 oklob plants (Lair:1)
  A black mamba (Lair:1)
  6 gargoyles (D:10)
  6 spiny frogs
  3 komodo dragons
  A troll (D:10)
  5 blink frogs (Lair:3)
  2 hippogriffs (D:7)
  2 redbacks (Lair:2)
  A vampire (D:10)
  A wyvern (D:10)
  A spriggan (D:8)
  2 hungry ghosts
  Grum (D:8)
  26 yaks
  Menkaure (D:7)
  A water moccasin (Lair:1)
  5 porcupines
  2 sky beasts
  2 black bears
  6 orc warriors
  6 ice beasts
  3 slaves (D:7)
  3 phantoms
  7 ogres
  2 centaurs
  A hornet zombie (D:8)
  4 wolves (D:8)
  A crocodile (Lair:3)
  2 big kobolds
  A gnoll sergeant (D:8)
  3 bullfrogs
  3 scorpions
  A wyvern skeleton (D:10)
  3 killer bees (D:8)
  2 wights (D:9)
  5 howler monkeys
  6 electric eels
  3 crimson imps
  A bullfrog zombie (D:7)
  3 hounds (D:7)
  2 orc priests
  3 jellies
  A gnoll shaman (D:7)
  A bullfrog skeleton (D:4)
  11 orc wizards
  Jessica (D:3)
  Ijyb (D:4)
  2 iguanas
  8 worker ants
  A killer bee zombie (D:6)
  A hound zombie (D:9)
  2 hound skeletons
  A howler monkey zombie (D:6)
  A worker ant zombie (D:7)
  7 gnolls
  14 adders
  2 shadow imps
  2 adder skeletons
  An adder zombie (D:9)
  4 worms
  3 dart slugs
  3 leopard geckos
  37 orcs
  2 ball pythons
  9 giant cockroaches
  4 goblins (D:3)
  5 hobgoblins
  15 jackals
  27 kobolds
  8 quokkas
  4 bats
  6 frilled lizards
  A jackal skeleton (D:5)
  2 leopard gecko zombies (D:5)
  13 rats
  2 plants (Lair:1)
352 creatures vanquished.

Vanquished Creatures (others)
  A plant (Lair:1)
  2 withered plants (Gauntlet)
3 creatures vanquished.

Grand Total: 355 creatures vanquished

Notes
Turn   | Place    | Note
-------+----------+-------------------------------------------
     0 | D:1      | Spazmo the Deep Elf Fire Elementalist began the quest for
                  | the Orb.
     0 | D:1      | Reached XP level 1. HP: 10/10 MP: 6/6
   123 | D:1      | Found an iron altar of Okawaru.
   424 | D:1      | Reached XP level 2. HP: 15/15 MP: 5/8
   432 | D:1      | Learned a level 2 spell: Throw Flame
   874 | D:2      | Reached XP level 3. HP: 13/19 MP: 6/10
   879 | D:2      | Learned a level 3 spell: Conjure Flame
  1126 | D:2      | Reached skill level 4 in Spellcasting
  1343 | D:2      | Reached XP level 4. HP: 24/24 MP: 12/12
  1349 | D:2      | Learned a level 4 spell: Sticky Flame
  1418 | D:2      | Found a shattered altar of Ashenzari.
  1539 | D:3      | Noticed Jessica
  1543 | D:3      | Killed Jessica
  1611 | D:3      | Found an ornate altar of the Wu Jian Council.
  2361 | D:4      | Reached XP level 5. HP: 26/28 MP: 14/14
  2367 | D:4      | Noticed Ijyb
  2368 | D:4      | Got a heavily runed ivory ring
  2403 | D:4      | Killed Ijyb
  2403 | D:4      | Reached skill level 5 in Spellcasting
  2447 | D:4      | Noticed an ogre
  2452 | D:4      | Killed an ogre
  2452 | D:4      | Reached skill level 5 in Fire Magic
  2452 | D:4      | Reached XP level 6. HP: 32/32 MP: 16/16
  2459 | D:4      | Learned a level 5 spell: Fireball
  2534 | D:4      | Found a hide-covered altar of Uskayaw.
  2659 | D:4      | Reached skill level 6 in Spellcasting
  2881 | D:4      | Reached XP level 7. HP: 34/36 MP: 11/18
  3360 | D:5      | Entered Level 5 of the Dungeon
  3363 | D:5      | Reached skill level 5 in Conjurations
  3460 | D:5      | Identified the ring "Geho" {Wiz rN+} (You found it on level
                  | 4 of the Dungeon)
  3615 | D:5      | Reached skill level 7 in Spellcasting
  3910 | D:5      | Found Papush's Book Shoppe.
  4447 | D:6      | Reached XP level 8. HP: 34/41 MP: 17/21
  4509 | D:6      | Found a staircase to the Ecumenical Temple.
  4518 | Temple   | Entered the Ecumenical Temple
  4529 | Temple   | Became a worshipper of Vehumet
  4597 | D:6      | Reached skill level 8 in Spellcasting
  5191 | D:7      | Reached skill level 9 in Spellcasting
  5211 | D:7      | Reached * piety under Vehumet
  5211 | D:7      | Offered knowledge of Sandblast by Vehumet.
  5214 | D:7      | Learned a level 1 spell: Sandblast
  5392 | D:7      | Reached skill level 1 in Earth Magic
  5400 | D:7      | Reached XP level 9. HP: 43/45 MP: 12/24
  5616 | D:7      | Found a shimmering altar of Xom.
  5886 | D:7      | Noticed Pikel
  6020 | D:7      | Killed Pikel
  6020 | D:7      | Reached skill level 10 in Spellcasting
  6168 | D:7      | Noticed Menkaure
  6171 | D:7      | Killed Menkaure
  6242 | D:7      | Reached ** piety under Vehumet
  6246 | D:7      | Offered knowledge of Throw Frost by Vehumet.
  6424 | D:7      | Reached XP level 10. HP: 50/50 MP: 26/26
  6686 | D:8      | Noticed Grum
  6693 | D:8      | Reached skill level 5 in Earth Magic
  6696 | D:8      | Found a burning altar of Makhleb.
  6949 | D:8      | Offered knowledge of Dazzling Spray by Vehumet.
  6960 | D:8      | Reached skill level 11 in Spellcasting
  6963 | D:8      | Reached *** piety under Vehumet
  7392 | D:8      | Offered knowledge of Throw Icicle by Vehumet.
  7533 | D:8      | Killed Grum
  7799 | D:9      | Reached skill level 10 in Fire Magic
  8223 | D:9      | Reached **** piety under Vehumet
  8263 | D:9      | Found a sparkling altar of Nemelex Xobeh.
  8443 | D:9      | Offered knowledge of Bolt of Magma by Vehumet.
  8455 | D:9      | Learned a level 5 spell: Bolt of Magma
  8836 | D:10     | Entered Level 10 of the Dungeon
  8878 | D:10     | Reached skill level 12 in Spellcasting
  8878 | D:10     | Reached skill level 10 in Conjurations
  8963 | D:10     | Reached XP level 11. HP: 54/54 MP: 27/29
  9087 | D:10     | Found the +8 demon blade "Bloodbane" {slice, *Rage +Rage
                  | Stlth-}
  9087 | D:10     | Noticed a purple ugly thing
  9090 | D:10     | Killed a purple ugly thing
  9201 | D:10     | Noticed Gastronok
  9210 | D:10     | Killed Gastronok
  9210 | D:10     | Reached skill level 13 in Spellcasting
  9222 | D:10     | Noticed a death yak
  9295 | D:10     | Killed a death yak
  9353 | D:10     | Noticed a red ugly thing
  9370 | D:10     | Killed a red ugly thing
  9476 | D:10     | Found a staircase to the Lair.
  9477 | D:10     | Noticed a death yak
  9491 | D:10     | Noticed a death yak
  9499 | D:10     | Killed a death yak
  9499 | D:10     | Reached skill level 14 in Spellcasting
  9506 | D:10     | Killed a death yak
  9515 | D:10     | Reached skill level 10 in Earth Magic
  9713 | D:10     | Found a staircase to the Orcish Mines.
  9771 | D:10     | Noticed Erolcha
  9775 | D:10     | Killed Erolcha
  9775 | D:10     | Reached skill level 15 in Spellcasting
  9775 | D:10     | Reached XP level 12. HP: 36/59 MP: 13/33
 10154 | Lair:1   | Entered Level 1 of the Lair of Beasts
 10423 | Lair:1   | Reached ***** piety under Vehumet
 10522 | Lair:1   | Offered knowledge of Lee's Rapid Deconstruction by Vehumet.
 10522 | Lair:1   | Reached skill level 16 in Spellcasting
 11394 | Lair:2   | Reached skill level 1 in Fighting
 11761 | Lair:2   | Found a hole to the Spider Nest.
 11967 | Lair:2   | Reached skill level 5 in Dodging
 11979 | Lair:2   | Got a steaming quarterstaff
 11980 | Lair:2   | Identified the +10 quarterstaff of Doom {flame, rN++ Int-4
                  | Dex+8 Stlth-} (You found it on level 2 of the Lair of
                  | Beasts)
 12793 | Lair:3   | Found a gate leading to a gauntlet.
 12882 | Gauntlet | Entered a Gauntlet
 12882 | Gauntlet | Found a transporter.
 12882 | Gauntlet | Found a transporter.
 12882 | Gauntlet | Noticed a death scarab
 12883 | Gauntlet | Found a transporter.
 12886 | Gauntlet | Found a transporter.
 12896 | Gauntlet | Found a transporter.
 12896 | Gauntlet | Noticed a reaper
 12900 | Gauntlet | Found a transporter.
 12909 | Gauntlet | Noticed a blizzard demon
 12910 | Gauntlet | Found a transporter.
 12915 | Gauntlet | Found a transporter.
 12917 | Gauntlet | Noticed an entropy weaver
 12934 | Gauntlet | Found a transporter.
 12938 | Gauntlet | Found a transporter.
 12939 | Gauntlet | Noticed a blizzard demon
 12948 | Gauntlet | Found a transporter.
 12952 | Gauntlet | Found a transporter.
 13108 | Gauntlet | Slain by a swamp worm

Levels and vault maps discovered:
D:1:      dpeg_arrival_solitude, layout_basic, nrook_mini_backslash,
          okawaru_ov_weapons_minmay
D:2:      layout_rooms, lemuel_doored_altar, minmay_three_crescents
D:3:      layout_basic, lemuel_round_altar, minmay_circle_x, uniq_jessica
D:4:      kennysheep_kobold_camp, layout_loops_ring, lemuel_crystal_altar,
          serial_bayou, serial_bayou_pond_c, serial_bayou_ford_a,
          serial_bayou_pond_d, serial_bayou_pond_a, uniq_ijyb
D:5:      layout_basic, first_ration, serial_shops, shop
D:6:      layout_basic, minmay_temple_entry_statues_pillars, grunt_ministairs_2
D:7:      kennysheep_big_flooded_room, layout_gridville,
          nicolae_overflow_crystal_walls, sigmund_army, uniq_pikel,
          uniq_menkaure
D:8:      layout_rooms, bloody_makhleb, grunt_pizzeria, uniq_grum
D:9:      layout_loops_ring, kennysheep_little_box
D:10:     cheibrodos_statue_roulette, layout_loops_ring, dpeg_lair_monsters,
          orc_0_dummy, minmay_radiant, uniq_gastronok, uniq_erolcha
Temple:   lightli_temple_of_artemis
Lair:1:   layout_long_grid, minivault_19, grunt_megastairs_1,
          serial_bayou_shore_a, lemuel_fruit_fields, minmay_lair_oklob_chamber
Lair:2:   layout_layer_cave, spider_nest_entry_webs, beast_lair_carwin_11
Lair:3:   layout_roguey, gauntlet_entry_generic, st_stairs_13,
          grunt_megastairs_2
Gauntlet: gammafunk_gauntlet_hard_choice [gammafunk_gauntlet_arena_teeth,
          gammafunk_gauntlet_arena_split_x, gammafunk_gauntlet_arena_mazey,
          nicolae_gauntlet_arena_flowing_pool, nicolae_gauntlet_arena_t_cross,
          nicolae_gauntlet_arena_grate_2, gauntlet_exit_watery]

Skill      XL: |  1  2  3  4  5  6  7  8  9 10 11 12 |
---------------+-------------------------------------+-----
Conjurations   | 2 3 4 6 7 8 10 | 10.0
Spellcasting   | 4 5 6 7 9 10 12 15 16 | 16.0
Fire Magic     | 4 5 6 8 9 10 | 10.4
Earth Magic    | 1 4 6 10 | 10.0
Dodging        | 6 |  6.9
Fighting       | 4 |  4.3
Stealth        | |  2.4

Action                   |  1- 3 |  4- 6 |  7- 9 | 10-12 || total
-------------------------+-------+-------+-------+-------++-------
Melee: Hand axe          |     3 |     2 |     1 |       ||     6
       Dagger            |       |       |     8 |       ||     8
       Staff             |       |       |     2 |     3 ||     5
Throw: Stone             |       |       |       |     1 ||     1
 Cast: Flame Tongue      |    56 |    95 |   139 |   259 ||   549
       Throw Flame       |     5 |    20 |    62 |    54 ||   141
       Sticky Flame      |       |     2 |    23 |    59 ||    84
       Fireball          |       |       |     8 |    15 ||    23
       Sandblast         |       |       |       |     4 ||     4
       Conjure Flame     |       |       |       |     3 ||     3
       Bolt of Magma     |       |       |       |    40 ||    40
  Use: Scroll            |     3 |     6 |     3 |     9 ||    21
       Potion            |     1 |     4 |       |     4 ||     9
  Eat: Chunk             |     1 |     5 |    10 |     9 ||    25
       Ration            |       |       |     1 |     4 ||     5
Armor: Robe              |     2 |     8 |    18 |    14 ||    42
Dodge: Dodged            |    11 |    18 |    36 |    81 ||   146

Table legend:
 A = Non-vault XP
 B = Vault XP
 C = Vault XP percentage of total XP
 D = Non-vault monster count
 E = Vault monster count
 F = Vault count percentage of total count
                 A         B        C        D         E       F
            +---------+---------+-------+---------+---------+-------
      Total |   18586 |   14857 |  44.4 |     270 |      77 |  22.2
            +---------+---------+-------+---------+---------+-------
        D:1 |      19 |       0 |   0.0 |      10 |       0 |   0.0
        D:2 |      61 |      19 |  23.8 |      21 |       6 |  22.2
        D:3 |      42 |      54 |  56.2 |      21 |      10 |  32.3
        D:4 |     529 |     156 |  22.8 |      13 |      22 |  62.9
        D:5 |     324 |       0 |   0.0 |      13 |       0 |   0.0
        D:6 |    1144 |       2 |   0.2 |      31 |       1 |   3.1
        D:7 |    2473 |     961 |  28.0 |      50 |       5 |   9.1
        D:8 |    1190 |     852 |  41.7 |      27 |       6 |  18.2
        D:9 |    2715 |       0 |   0.0 |      37 |       0 |   0.0
       D:10 |    2957 |    9862 |  76.9 |      17 |      18 |  51.4
     Lair:1 |     962 |    1830 |  65.5 |       6 |       4 |  40.0
     Lair:2 |    4300 |    1121 |  20.7 |      17 |       5 |  22.7
     Lair:3 |    1870 |       0 |   0.0 |       7 |       0 |   0.0
            +---------+---------+-------+---------+---------+-------
